 Dungeon Crawl Stone Soup version 0.27-a0-1196-g3e9cee4cb2 (webtiles) character file.

Game seed: 1901114147992981422

1 ZappyNine the Sneak (level 1, 0/12 HPs)
             Began as a Kobold Brigand on May 27, 2021.
             Slain by a hobgoblin (2 damage)
             ... on level 1 of the Dungeon.
             The game lasted 00:00:12 (53 turns).

ZappyNine the Sneak (Kobold Brigand)                  Turns: 53, Time: 00:00:13

Health: 0/12       AC:  3    Str:  8    XL:     1   Next: 22%
Magic:  1/1        EV: 14    Int: 12    God:
Gold:   8          SH:  0    Dex: 16    Spells: 0/0 levels left

rFire    . . .     SeeInvis .   a - +2 dagger
rCold    . . .     Faith    .   (shield restricted)
rNeg     . . .     Spirit   .   b - +0 robe
rPois    .         Reflect  .   (no helmet)
rElec    .         Harm     .   c - +0 cloak
rCorr    .         Rampage  .   (no gloves)
Will     .....                  (no boots)
Stlth    ++++......             (no amulet)
HPRegen  0.04/turn              (no ring)
MPRegen  0.07/turn              (no ring)

@: no status effects
A: small, no large weapons, nightstalker 3
a: no special abilities


You were on level 1 of the Dungeon.
You visited 1 branch of the dungeon, and saw 1 of its levels.

You collected 8 gold pieces.

Inventory:

Hand Weapons
 a - a +2 dagger (weapon)
Missiles
 d - 8 poisoned darts (quivered)
 e - 2 curare-tipped darts
Armour
 b - a +0 robe (worn)
 c - a +0 cloak (worn)


   Skills:
 + Level 2.2 Fighting
 - Level 2.6 Short Blades
 - Level 2.1 Throwing
 + Level 1.3 Dodging
 - Level 5.3 Stealth


You couldn't memorise any spells.
You didn't know any spells.
Your spell library was empty.

Dungeon Overview and Level Annotations

Branches:
Dungeon (1/15)

Altars:


Innate Abilities, Weirdness & Mutations

You are small and have problems with some larger weapons.
You are completely attuned to the shadows.


Message History

The jackal bites you but does no damage.
The dart slug barely misses you. The jackal closely misses you.
The jackal barely misses you. The rat misses you.
The jackal closely misses you.
A quokka comes into view.
The jackal completely misses you.
Found a glowing purple potion.
The jackal barely misses you. The rat bites you.
A kobold comes into view. It is wielding a +0 whip.
The kobold shouts!
The jackal closely misses you.
A dart slug comes into view.
You hit the kobold but do no damage. The jackal misses you.
The kobold barely misses you.
You hit the kobold.
The kobold is moderately wounded.
The jackal bites you.
* * * LOW HITPOINT WARNING * * *
The kobold barely misses you. The jackal closely misses you.
You hit the kobold.
You kill the kobold!
The jackal closely misses you.
A hobgoblin comes into view.
The hobgoblin closely misses you. The dart slug barely misses you.
You see here a +0 whip.
You hit the dart slug.
The dart slug is moderately wounded.
The jackal misses you. The hobgoblin misses you.
You hit the dart slug.
The dart slug is moderately wounded.
The jackal barely misses you. The dart slug launches a dart at you.
The slug dart misses you.
The slug dart hits the jackal.
The jackal bites you but does no damage.
The hobgoblin misses you.
You hit the dart slug but do no damage.
The dart slug is moderately wounded.
The jackal misses you. The hobgoblin hits you.
You die...

.......#.#...
##...##.##..#
#...#w#...#
#.###.##g.##
#...# ..#...##
#... ..#...#
.... #...#
...g#####..##
...w@hrr....###
...#####.#.....
.. #....... .
###..... #....r
#....! ####


You could see a dart slug, a quokka, a jackal, a hobgoblin and a rat.

Vanquished Creatures
  A kobold (D:1)
1 creature vanquished.

Notes
Turn   | Place    | Note
-------+----------+-------------------------------------------
     0 | D:1      | ZappyNine the Kobold Brigand began the quest for the Orb.
     0 | D:1      | Reached XP level 1. HP: 12/12 MP: 1/1
    53 | D:1      | Slain by a hobgoblin

Illustrated notes

Levels and vault maps discovered:
D:1:      dpeg_arrival_tiny_a, layout_rooms,
          hellmonk_ecumenical_altar_leap_of_faith,
          hangedman_abyss_or_decor_lesser_grid, minmay_misc_feat_iff,
          minmay_vboxes

Action                   || total
-------------------------++-------
Melee: Dagger            ||    10
Armor: Robe              ||     5
Dodge: Dodged            ||    28

Table legend: (Time is in decaauts)
 A = Elapsed time spent in this place.
 B = Non-inter-level travel time spent in this place.
 C = Inter-level travel time spent in this place.
 D = Time resting spent in this place.
 E = Time spent auto-exploring this place.
 F = Levels seen in this place.
 G = Mean time per level.
                   A        B        C        D        E       F      G
               +--------+--------+--------+--------+--------+-----+--------+
         Total |     51 |     51 |      0 |      0 |     23 |   1 |   51.0 |
       Dungeon |     51 |     51 |      0 |      0 |     23 |   1 |   51.0 |
               +--------+--------+--------+--------+--------+-----+--------+

Top non-repeatable levels by time:
     D:1: 51 daAuts
